[Event "*** Titled Tuesday Blitz"]
[Site "Chess.com"]
[Date "2021.02.09"]
[Round "8"]
[White "chesslh19"]
[Black "Rytenko_V"]
[Result "1-0"]
[WhiteElo "2242"]
[BlackElo "2401"]
[TimeControl "180+1"]
[EndTime "11:30:49 PST"]
[Termination "chesslh19 won by checkmate"]

1. e4 e6 2. d4 d5 3. Nd2 Nf6 4.
e5 Nfd7 5. Bd3 b6 6. c3 Ba6 7.
Bxa6 Nxa6 8. Ne2 c5 9. O-O cxd4 10. cxd4 Nb4 11. Nc3 Nd3 12. Nf3 Nxc1 13. Rxc1 a6 14. Qd3 Be7 15. Ne2 O-O 16. Rc6 Rc8 17. Rxc8 Qxc8 18.
Rc1 Qb7 19. Qc2 h6 20. Qc7 Rb8 21. Qxb7 Rxb7 22. Rc8+ Kh7 23. Kf1 b5 24. b3 Bb4 25.
Ne1 Ba5 26. Nd3 Rc7 27. Rxc7 Bxc7 28. Ke1 f6 29. exf6 gxf6 30. Nef4 Nf8 31. g3 a5 32. Kd2 Kg7 33. Nh5+ Kf7 34. Nhf4 Ke7 35. Ne2 Bb6 36. f3 Kd6 37. Nc3 b4 38. Ne2 Nd7 39.
Ke3 e5 40. f4 Nf8 41. fxe5+ fxe5 42. Nxe5 Ne6 43. Nf3 Ba7 44. Nc1 Nc7 45. Nd3 Nb5 46. Nc5 Bxc5 47. dxc5+ Kxc5 48. Ne5 Nc3 49. Nd7+ Kd6 50.
Nf6 Nxa2 51. Ng8 Nc1 52. Nxh6 Nxb3 53. Nf5+ Ke5 54. Ne7 Nc5 55. Nc6+ Kd6 56. Nxa5 b3 57. Kd2 d4 58. Nc4+ Kd5 59. Nb2 Ke4 60. h4 Na4 61. Nxa4 d3 62. Nb2 Kf3 63. Nxd3 Kxg3 64. h5 b2 65. Nxb2 Kh4 66. h6 Kg5 67. h7 Kg6 68. h8=Q Kf7 69. Qh6 Ke7 70. Nc4 Kd7 71. Qf6 Kc7 72.
Qd6+ Kb7 73. Qe6 Ka7 74. Kc3 Ka8 75. Qd7 Kb8 76. Nd6 Ka8 77. Qb7# 1-0

[Event "*** Titled Tuesday Blitz"]
[Site "Chess.com"]
[Date "2021.02.09"]
[Round "8"]
[White "BogdanDeac"]
[Black "oneshot007"]
[Result "1-0"]
[WhiteElo "2982"]
[BlackElo "2566"]
[TimeControl "180+1"]
[EndTime "11:30:57 PST"]
[Termination "BogdanDeac won on time"]

1. Nf3 c5 2. e3 g6 3. d4 cxd4 4. exd4 Bg7 5. Bd3 Nf6 6. O-O O-O 7. Re1 d6 8. h3 Nc6 9. c3 e5 10. dxe5 dxe5 11. Bg5 Qc7 12. Nbd2 h6 13. Bxf6 Bxf6 14.
Nc4 Be6 15. Qe2 Rad8 16. Be4 Rfe8 17. Rad1 Bg7 18. Rxd8 Qxd8 19. Rd1 Qc7 20. Bd5 Bxd5 21. Rxd5 e4 22. Nfd2 f5 23. Nd6 Rd8 24. Nb5 Qb6 25. Rxd8+ Qxd8 26. Nb3 Kh7 27. Na3 Ne5 28. Nc5 Qe7 29.
Nb3 b6 30. Nc4 Nd3 31. f3 Nf4 32. Qd2 Qg5 33. fxe4 fxe4 34. Kh1 b5 35. Ne3 Nd3 36. Nd4 a6 37. Ne6 Qg3 38. Nxg7 Kxg7 39. Kg1 Qe1+ 40. Qxe1 Nxe1 41. Nd5 Nd3 42. b4 Kf7 43. Nc7 e3 44. Kf1 Kf6 45. Nd5+ Ke5 46. Nxe3 Ke4 47. Ng4 h5 48.
Nf6+ Kf5 49. Nd7 Kf4 50. Nb8 Kg3 51. Nxa6 Nf4 52. Nc7 Nxg2 53. Nxb5 Ne3+ 54. Ke2 Nd5 55. a4 Kxh3 56. a5 Kg2 57. a6 h4 58. c4 Nb6 59. Nd4 h3 60. Nf3 g5 61. c5 Na8 62.
b5 g4 63. Ne1+ Kg1 64. b6 h2 65. b7 h1=Q 66. b8=Q Qe4+ 67. Kd2 Qd4+ 68. Nd3 Kg2 69. Qxa8+ 1-0

[Event "*** Titled Tuesday Blitz"]
[Site "Chess.com"]
[Date "2021.02.09"]
[Round "8"]
[White "Orest_Vovk"]
[Black "elohunter1999"]
[Result "1-0"]
[WhiteElo "2427"]
[BlackElo "2636"]
[TimeControl "180+1"]
[EndTime "11:30:59 PST"]
[Termination "Orest_Vovk won on time"]

1. e4 d6 2. d4 Nf6 3. Bd3 e5 4. dxe5 dxe5 5. Nf3 Nbd7 6. O-O Be7 7. Nc3 c6 8. Bg5 O-O 9. Qe2 Qc7 10. Bc4 b5 11.
Bb3 Nc5 12. h3 a5 13. a3 Nxb3 14. cxb3 Be6 15. Rac1 Qb8 16. Qc2 Rc8 17. Nd1 Ra7 18.
Ne3 Rd7 19. Nf5 Bxf5 20. exf5 e4 21. Bxf6 exf3 22. Bxe7 Rxe7 23. g3 Qe5 24. Qd3 Qe2 25.
Qd6 Rce8 26. Qxc6 Qxb2 27. Qxb5 Qxa3 28. Qc5 Qxc5 29. Rxc5 Re5 30. Rxe5 Rxe5 31. g4 Rb5 32.
Ra1 h5 33. Kh2 h4 34. Ra3 Kh7 35. Kg1 Kh6 36. Kf1 a4 37. Rxa4 Rxb3 38. Ra1 Kg5 39.
Re1 Rb2 40. Kg1 Re2 41. Rb1 g6 42. fxg6 Kxg6 43. Rb3 Re1+ 44. Kh2 Rf1 45. Rxf3 f6 46. Rf5 Ra1 47. Rh5 Ra2 48. Kg2 Rb2 49. Rxh4 f5 50.
Rh5 f4 51. Rf5 Rb4 52. Kf3 Rb3+ 53. Kxf4 Rxh3 54. f3 Rh1 55. Rg5+ Kf6 56. Ra5 Rb1 57. Ra6+ Kg7 58. g5 Rb4+ 59. Kf5 Rb5+ 60. Kg4 Rb4+ 61. f4 Rc4 62. Rb6 Ra4 63. Rb5 Kg6 64. Rd5 Rb4 65. Rd6+ Kg7 66. Re6 Ra4 67. Kf5 Ra5+ 68.
Re5 Ra7 69. Rb5 Rc7 70. g6 Ra7 71. Kg5 Rd7 72. f5 Rd8 73. f6+ Kg8 74. Kh6 Kh8 75. g7+ Kg8 76. Kg6 1-0

[Event "*** Titled Tuesday Blitz"]
[Site "Chess.com"]
[Date "2021.02.09"]
[Round "8"]
[White "Rsnr"]
[Black "GigaQuparadze"]
[Result "1/2-1/2"]
[WhiteElo "2779"]
[BlackElo "2907"]
[TimeControl "180+1"]
[EndTime "11:31:00 PST"]
[Termination "Game drawn - insufficient material"]

1. d4 Nf6 2. c4 e6 3. Nf3 b6 4.
a3 Ba6 5. Qc2 Bb7 6. Nc3 c5 7. e4 cxd4 8. Nxd4 Bc5 9. Nb3 Nc6 10.
Bf4 Nh5 11. Nxc5 bxc5 12. Bd6 Nd4 13. Qd3 Qb6 14. Be5 f6 15. Bxd4 cxd4 16. Ne2 e5 17. g4 f5 18. gxf5 O-O 19. Bg2 g6 20. fxg6 Qxg6 21.
Rg1 Kh8 22. Bf3 Qh6 23. Bxh5 Qxh5 24. Ng3 Qxh2 25. Rf1 Qh6 26. Qd2 Qxd2+ 27. Kxd2 Rf3 28. Rae1 a5 29. Nf5 Rf8 30. Nd6 Bc6 31. Re2 Rb8 32. Kc1 Rf6 33. c5 Rxd6 34. cxd6 Bb5 35. Ree1 Bxf1 36.
Rxf1 Rf8 37. f3 Kg7 38. Rg1+ Kf6 39. Rh1 Rf7 40. Kd2 Ke6 41. Rh6+ Rf6 42. Rxh7 Kxd6 43. Ke2 Rf8 44. Rh6+ Kc5 45. Ra6 Kb5 46. Ra7 d6 47.
b4 a4 48. Ra5+ Kc4 49. Rxa4 Kc3 50. Ra6 Rh8 51. Rc6+ Kb3 52. Rxd6 Rh2+ 53. Kd3 Rf2 54. Rd5 Rxf3+ 55. Kd2 Rf2+ 56. Kd3 Rf3+ 57. Kd2 Kc4 58. Rxe5 Rxa3 59. Re8 Ra2+ 60. Ke1 Kd3 61. Rh8 Ra1+ 62. Kf2 Rb1 63. Rh3+ Kd2 64. e5 Rxb4 65. e6 Rb6 66. Rh6 Rb7 67. Kf3 d3 68. Ke4 Kc2 69. Rh2+ Kc3 70.
Ke5 Rb5+ 71. Kf6 Rb6 72. Kf7 d2 73. Rxd2 Kxd2 74. e7 Rb7 75. Kf8 Rxe7 76. Kxe7 1/2-1/2

[Event "*** Titled Tuesday Blitz"]
[Site "Chess.com"]
[Date "2021.02.09"]
[Round "8"]
[White "Legendinunknown"]
[Black "Anton_Demchenko"]
[Result "0-1"]
[WhiteElo "2605"]
[BlackElo "2846"]
[TimeControl "180+1"]
[EndTime "11:31:06 PST"]
[Termination "Anton_Demchenko won by checkmate"]

1. d4 Nf6 2. c4 e6 3. Nc3 Bb4 4. f3 c5 5. d5 d6 6. e4 b5 7. a3 Bxc3+ 8. bxc3 O-O 9. Be3 Qa5 10.
Qd2 bxc4 11. Bxc4 exd5 12. exd5 Nbd7 13. Ne2 Nb6 14. Ba2 Ba6 15. O-O Rfe8 16. Rfe1 Nc4 17.
Bxc4 Bxc4 18. Nf4 h6 19. Bf2 Rxe1+ 20. Rxe1 Qxa3 21. h4 Re8 22. Rxe8+ Nxe8 23. Qe3 Kf8 24. g4 Qa1+ 25. Kh2 Qa6 26. g5 hxg5 27. hxg5 g6 28. Qe4 Qa2 29. Kg3 Ng7 30. Nxg6+ fxg6 31. Qxg6 Kg8 32.
Qe4 Bxd5 33. Qg4 Be6 34. Qe4 Qd5 35. Qxd5 Bxd5 36. Kg4 Be6+ 37. Kf4 a5 38. Be3 a4 39.
Bc1 Kf7 40. Ke4 Kg6 41. f4 Nf5 42. Ba3 Bc4 43. Bc1 Ne7 44. Ba3 Be6 45. Bc1 Nc6 46. c4 Na5 47. f5+ Bxf5+ 48. Kd5 Nb3 49. Ba3 Kxg5 50. Kxd6 Kf4 51. Kc6 Ke4 52. Kb5 Kd3 53.
Kxa4 Kxc4 54. Bb4 Nd4 55. Bxc5 Kxc5 56. Ka3 Kc4 57. Kb2 Nb3 58. Ka3 Bd3 59. Kb2 Kb4 60.
Ka2 Kc3 61. Ka3 Bb1 62. Ka4 Nd4 63. Ka5 Kc4 64. Kb6 Nb5 65. Kc6 Bf5 66. Kb7 Kc5 67.
Ka6 Be4 68. Ka5 Bc2 69. Ka6 Nd6 70. Ka7 Kc6 71. Kb8 Bf5 72. Ka7 Nb7 73. Ka6 Bd3+ 74. Ka7 Kc7 75. Ka8 Nd6 76. Ka7 Nc8+ 77. Ka8 Be4# 0-1

[Event "*** Titled Tuesday Blitz"]
[Site "Chess.com"]
[Date "2021.02.09"]
[Round "8"]
[White "elextranjero00"]
[Black "jens1102"]
[Result "1-0"]
[WhiteElo "2598"]
[BlackElo "2454"]
[TimeControl "180+1"]
[EndTime "11:31:11 PST"]
[Termination "elextranjero00 won by checkmate"]

1. Nf3 d5 2. e3 Bd7 3. c4 dxc4 4. Bxc4 Nf6 5. Nc3 e6 6. O-O c5 7. d4 cxd4 8. exd4 Bd6 9. Bg5 O-O 10. d5 Qc7 11. dxe6 Bxe6 12. Bxe6 fxe6 13. Nb5 Qc6 14. Nxd6 Rd8 15. Rc1 Qxd6 16. Qxd6 Rxd6 17. Rc8+ Kf7 18. Bf4 Rb6 19. b3 Nfd7 20. Ne5+ Nxe5 21. Bxe5 Nc6 22. Rxa8 Nxe5 23. Rxa7 Kf6 24. Rd1 g5 25. Kf1 h5 26.
Ke2 g4 27. Rd4 Nc6 28. Rf4+ Ke5 29. Raa4 Ne7 30. Rae4+ Kd5 31. Rd4+ Ke5 32. Rfe4+ Kf5 33. f3 gxf3+ 34. Kxf3 Nd5 35. g4+ hxg4+ 36. Rxg4 Rc6 37. Rc4 Ra6 38. a4 Ra8 39. Rh4 Rg8 40. Rh5+ Kf6 41.
Kf2 b6 42. Rh3 Rg5 43. Rf3+ Ke5 44. h4 Rh5 45. Rg4 Kd6 46. Kg3 Rh8 47. Rg5 Rh7 48. h5 Ne7 49. Kg4 Nf5 50. Rfxf5 exf5+ 51. Kxf5 Ke7 52. Kg6 Rh8 53. Re5+ Kf8 54. Re6 Rg8+ 55. Kf6 Rg1 56. Rxb6 Rf1+ 57. Ke5 Rh1 58. Kd5 Rxh5+ 59. Kc4 Ke7 60. Rb5 Rh4+ 61. Kc5 Kd7 62. Kb6 Kc8 63. a5 Rh6+ 64. Kc5 Kc7 65. b4 Rh5+ 66. Kc4 Rh4+ 67. Kb3 Kc6 68. Rc5+ Kb7 69. Ka4 Rh1 70. Rg5 Rh2 71.
Rg7+ Kb8 72. a6 Rh5 73. b5 Rh6 74. Ka5 Rh8 75. Rd7 Rg8 76. Rd5 Rf8 77. Rc5 Rg8 78. b6 Rh8 79. a7+ Kb7 80. Rc7+ Ka8 81. Ka6 Rb8 82. Rc8 Rxc8 83. b7# 1-0

[Event "*** Titled Tuesday Blitz"]
[Site "Chess.com"]
[Date "2021.02.09"]
[Round "8"]
[White "Anurag328"]
[Black "AttackSparrow"]
[Result "1-0"]
[WhiteElo "2643"]
[BlackElo "2479"]
[TimeControl "180+1"]
[EndTime "11:31:17 PST"]
[Termination "Anurag328 won by checkmate"]

1. Nf3 Nf6 2. c4 c5 3. g3 g6 4. Bg2 d6 5. d4 cxd4 6. Nxd4 Bg7 7. Nc3 h5 8. Bg5 O-O 9. O-O Nbd7 10. Qd2 Ne5 11.
b3 Rb8 12. Rac1 Bd7 13. Rfd1 Nc6 14. Nc2 Re8 15. Ne3 Ng4 16. Ned5 Be6 17. Ne4 Nge5 18. Nf4 Bf5 19. Qe3 Ng4 20. Qd2 f6 21. Bh4 g5 22.
Nxg5 fxg5 23. Bxg5 Nf6 24. Bxf6 Bxf6 25. Nxh5 Bg6 26. Qh6 Bxh5 27. Qxh5 Bg7 28. Qg6 e6 29. c5 d5 30. e4 Qf6 31. Qxf6 Bxf6 32. exd5 exd5 33.
Bxd5+ Kg7 34. Kg2 Rbc8 35. Rc4 Re7 36. Rg4+ Kh7 37. Be4+ Kh8 38. Bf5 Rd8 39. Rd6 Bg7 40.
Rh4+ Kg8 41. Be6+ Kf8 42. Rf4+ Ke8 43. Bg4 Rxd6 44. cxd6 Re5 45. Bh5+ Kd8 46. Bg4 Rd5 47. Rf7 Bh6 48. Rf6 Bg7 49. Rg6 Bf8 50. Rg8 Ke8 51.
Bh5+ Kd7 52. Bg4+ Kxd6 53. Rxf8 Rd2 54. a3 Kc7 55. Rf3 Ne5 56. Rc3+ Kb6 57. Bf5 Ra2 58. a4 a5 59. h4 Nc6 60. h5 Nd4 61. Be4 Ne2 62. Re3 Nd4 63. h6 Nc2 64. Bxc2 Rxc2 65. Re6+ Ka7 66. Re8 Rc7 67. g4 Kb6 68. g5 Rh7 69. Kg3 Kc5 70. Re4 b5 71. axb5 Kxb5 72.
Kg4 Rd7 73. g6 Rd6 74. Kg5 Rd5+ 75. Kf6 Rd6+ 76. Re6 Rd2 77. f4 Rf2 78. f5 Kb4 79. Rb6+ Kc3 80. Rb8 Kb2 81. h7 Rh2 82. h8=Q Rxh8 83.
Rxh8 a4 84. g7 a3 85. g8=Q a2 86. Qg2+ Ka3 87. Ra8+ Kb4 88. Qd2+ Kb5 89. Ra5+ Kc6 90. Qd5+ Kc7 91. Ra7+ Kb8 92. Qb7# 1-0

[Event "*** Titled Tuesday Blitz"]
[Site "Chess.com"]
[Date "2021.02.09"]
[Round "8"]
[White "dennisodessa"]
[Black "jaramsdal"]
[Result "0-1"]
[WhiteElo "2445"]
[BlackElo "2313"]
[TimeControl "180+1"]
[EndTime "11:31:22 PST"]
[Termination "jaramsdal won by checkmate"]

1. d4 Nf6 2. c4 e6 3. Nc3 Bb4 4. Qc2 O-O 5. a3 Bxc3+ 6. Qxc3 d5 7. Bg5 dxc4 8. Qxc4 b6 9. Rc1 Ba6 10. Qxc7 Qxd4 11.
Qc3 Qxc3+ 12. bxc3 Ne4 13. Be3 Rc8 14. Bd4 Nc6 15. f3 Nxd4 16. fxe4 Nb3 17. Rc2 Nc5 18. e5 Ne4 19. Nf3 Rxc3 20. Rxc3 Nxc3 21. e3 Rd8 22.
Nd4 Bxf1 23. Rxf1 Nd5 24. Kd2 Rc8 25. e4 Nc3 26. Kd3 Na4 27. Nb5 Nc5+ 28. Ke3 Rd8 29. Nd6 f6 30. Nc4 Rd3+ 31. Ke2 Rc3 32. Nd6 fxe5 33.
Rf7 Nxe4 34. Rd7 Nxd6 35. Rxd6 Rxa3 36. Rxe6 Ra5 37. Re7 Kf8 38. Rb7 Ra2+ 39. Kf3 e4+ 40.
Kxe4 Rxg2 41. Rxa7 Rxh2 42. Rb7 Rb2 43. Kf5 g6+ 44.
Kf6 Rf2+ 45. Kg5 Rf5+ 46. Kg4 b5 47. Rxh7 Rf7 48. Rh8+ Kg7 49. Rb8 Rf5 50. Rb6 Rc5 51.
Kf4 Kh6 52. Kg4 Rc4+ 53. Kg3 b4 54. Rb5 g5 55. Rb8 Kh5 56. Rh8+ Kg6 57. Rg8+ Kf6 58.
Rb8 Kf5 59. Rb5+ Kf6 60. Kf3 Kg6 61. Kg3 Kh5 62. Rb8 Rc3+ 63. Kf2 b3 64. Rb4 g4 65. Rb8 Kg5 66. Rb5+ Kh4 67. Rb4 Rc2+ 68. Ke3 b2 69.
Kd3 Rf2 70. Ke3 Rf3+ 71. Ke2 Rh3 72. Kf2 Rh2+ 73. Ke3 Kh3 74. Kf4 Rf2+ 75. Ke3 g3 76. Rb8 Kg2 77. Rb7 Rf3+ 78. Ke2 Rf2+ 79. Ke3 Kf1 80. Rd7 b1=Q 81. Rf7 Qe1+ 82. Kd4 Rxf7 83. Kc5 Rd7 84. Kb6 Rd2 85. Kb5 Qc1 86. Kb4 Rb2+ 87. Ka3 Qa1# 0-1

[Event "*** Titled Tuesday Blitz"]
[Site "Chess.com"]
[Date "2021.02.09"]
[Round "8"]
[White "Susal_De_Silva"]
[Black "MITerryble"]
[Result "0-1"]
[WhiteElo "2615"]
[BlackElo "2932"]
[TimeControl "180+1"]
[EndTime "11:31:24 PST"]
[Termination "MITerryble won by checkmate"]

1. e4 e6 2. d4 d5 3. Nc3 Nf6 4. e5 Nfd7 5. f4 c5 6. Nf3 Nc6 7. Be3 Be7 8. Qd2 O-O 9. Be2 b6 10. O-O f5 11. Kh1 Bb7 12. Rg1 Kh8 13. g4 cxd4 14.
Nxd4 Nxd4 15. Bxd4 g6 16. gxf5 gxf5 17. Rg2 Rg8 18.
Rag1 Rxg2 19. Rxg2 Nc5 20. Nb5 Ne4 21. Qe3 Qf8 22.
Nd6 Bc6 23. Bh5 Be8 24. Bxe8 Rxe8 25. Nxe8 Qxe8 26. Qd3 Qh5 27. Kg1 Bf8 28. Qe2 Qh4 29. Be3 Bh6 30. Qf1 d4 31. Bc1 b5 32. Qxb5 Qe1+ 33.
Qf1 Qh4 34. b4 Nc3 35. a3 Nd5 36. Rf2 Ne3 37. Bxe3 dxe3 38. Rf3 Qg4+ 39. Kh1 Bxf4 40. Rxf4 e2 41. Qf2 Qxf4 42. Qxe2 Qc1+ 43. Kg2 Qg5+ 44. Kf2 Qf4+ 45. Kg2 Qg5+ 46. Kf2 Qh4+ 47. Kg2 Qd4 48. Qf3 Qb2 49. Qa8+ Kg7 50. Qxa7+ Kg6 51. Qf2 Kf7 52. Qe2 Qxa3 53. b5 Qc5 54. c4 Qd4 55.
Qc2 Qg4+ 56. Kf2 Qf4+ 57. Kg2 Qg4+ 58. Kf2 Qf4+ 59. Ke1 Qxe5+ 60. Kf1 Qf4+ 61. Kg2 Qg4+ 62. Kf2 Qd4+ 63. Kg2 Qg4+ 64. Kf2 Qd4+ 65. Kg2 Qc5 66.
Qd3 Ke7 67. Qc3 Kd6 68. Qg3+ e5 69. Qc3 Ke6 70. Qh3 Qxc4 71. Qh6+ Kd5 72. b6 Qe2+ 73. Kg1 Qd1+ 74. Kg2 Qc2+ 75. Kg1 Qb1+ 76. Kg2 f4 77. Qf6 Qb2+ 78. Kg1 Ke4 79. Qc6+ Ke3 80.
b7 Qf2+ 81. Kh1 Qf1# 0-1

[Event "*** Titled Tuesday Blitz"]
[Site "Chess.com"]
[Date "2021.02.09"]
[Round "8"]
[White "MaevskiyNikolay"]
[Black "pavelalexandru07"]
[Result "0-1"]
[WhiteElo "2509"]
[BlackElo "2356"]
[TimeControl "180+1"]
[EndTime "11:31:24 PST"]
[Termination "pavelalexandru07 won by checkmate"]

1. e4 c5 2. Nf3 d6 3. d4 cxd4 4. Nxd4 Nf6 5. Nc3 a6 6. Bg5 Nbd7 7. Bc4 Qb6 8. Bb3 e6 9. O-O Be7 10. Be3 Nc5 11. Na4 Qc7 12. f3 Bd7 13. Nc3 Rc8 14.
Kh1 O-O 15. a4 Rfd8 16. Bg5 h6 17. Bh4 Re8 18. a5 Nfxe4 19. Nxe4 Bxh4 20. Nxc5 Qxc5 21. c3 d5 22. Bc2 Bf6 23. Ne2 Bb5 24. Qd2 d4 25.
Be4 dxc3 26. bxc3 Red8 27. Qe1 Bxc3 28. Nxc3 Qxc3 29. Qxc3 Rxc3 30. Rfd1 Rxd1+ 31. Rxd1 g6 32. Bxb7 Ra3 33. h4 h5 34. Kh2 Rxa5 35. Rd6 Ra2 36. Kg1 a5 37. Rb6 Bc4 38. Ba6 Bxa6 39. Rxa6 Kg7 40. Kh2 Kf6 41. Kg3 a4 42. Ra7 Ra1 43. Kf4 a3 44. Kg3 Kg7 45. Kf4 a2 46. Kg3 Kf6 47. Kh2 Ke5 48. Ra5+ Kd4 49. Ra4+ Kc3 50. Ra7 Kd3 51. Ra3+ Kd4 52. Ra7 Ke5 53. Kg3 Kf5 54. Ra5+ e5 55. Ra4 f6 56. Kh2 Ke6 57. Ra6+ Kf7 58. Kg3 f5 59. Ra5 Kf6 60. Ra6+ Kg7 61. Ra7+ Kh6 62. Ra5 e4 63. fxe4 fxe4 64. Ra3 e3 65.
Kf3 e2 66. Kxe2 Rg1 67. Kf3 a1=Q 68. Re3 Rf1+ 69. Kg3 Qd4 70. Re2 Qd3+ 71. Kh2 Qxe2 72. Kh3 Rf3+ 73. Kh2 Rf2 74. Kh3 Qe3+ 75. g3 Rh2+ 76.
Kxh2 g5 77. Kg2 gxh4 78. gxh4 Qe2+ 79. Kh3 Qg4+ 80. Kh2 Qxh4+ 81. Kg2 Qg4+ 82. Kh2 h4 83. Kh1 Kg5 84. Kh2 Kf4 85. Kh1 Kf3 86. Kh2 Qg2# 0-1

[Event "*** Titled Tuesday Blitz"]
[Site "Chess.com"]
[Date "2021.02.09"]
[Round "9"]
[White "Unknown_IM"]
[Black "beto-betun"]
[Result "1-0"]
[WhiteElo "2346"]
[BlackElo "2182"]
[TimeControl "180+1"]
[EndTime "11:40:17 PST"]
[Termination "Unknown_IM won by resignation"]

1. e4 c5 2. Nf3 d6 3. c3 Nf6 4.
Be2 g6 5. O-O Bg7 6. Bb5+ Bd7 7.
Bxd7+ Qxd7 8. Re1 e5 9. d4 cxd4 10. cxd4 exd4 11. Nxd4 O-O 12. Nc3 Nc6 13. Be3 Rfe8 14.
f3 Ne5 15. Qb3 Rac8 16. Rad1 Nc4 17. Bf2 b6 18. Ndb5 a6 19. Nxd6 Nxd6 20. e5 Qb5 1-0

[Event "*** Titled Tuesday Blitz"]
[Site "Chess.com"]
[Date "2021.02.09"]
[Round "9"]
[White "CraiggoryC"]
[Black "akanga001"]
[Result "1-0"]
[WhiteElo "2166"]
[BlackElo "1948"]
[TimeControl "180+1"]
[EndTime "11:40:17 PST"]
[Termination "CraiggoryC won by resignation"]

1. e4 c5 2. Nf3 d6 3. d4 cxd4 4. Nxd4 Nf6 5. Nc3 a6 6. Bc4 b5 7. Bb3 b4 8. Nd5 Nxe4 9. Qf3 e5 10. Qxe4 f5 11. Nxf5 1-0

[Event "*** Titled Tuesday Blitz"]
[Site "Chess.com"]
[Date "2021.02.09"]
[Round "9"]
[White "erlesfar"]
[Black "Aslanov_Umid"]
[Result "1/2-1/2"]
[WhiteElo "2551"]
[BlackElo "2375"]
[TimeControl "180+1"]
[EndTime "11:40:26 PST"]
[Termination "Game drawn by agreement"]

1. e4 e6 2. d4 d5 3. e5 c5 4. c3 Nc6 5. Nf3 Nge7 6. Bd3 Nf5 7. Bxf5 exf5 8. Be3 Be6 9. dxc5 Be7 10. Nbd2 a5 11. a3 a4 12. O-O g5 13. Nd4 f4 14. Nxe6 fxe6 15. Qh5+ Kd7 16. Bd4 g4 17. Qxg4 Rg8 18. Qh3 Qf8 19. Nf3 Rg6 20. Rad1 Rh6 21. Qg4 Rg6 1/2-1/2

[Event "*** Titled Tuesday Blitz"]
[Site "Chess.com"]
[Date "2021.02.09"]
[Round "9"]
[White "Aygehovit1992"]
[Black "chescomhuynya"]
[Result "1-0"]
[WhiteElo "2617"]
[BlackElo "2498"]
[TimeControl "180+1"]
[EndTime "11:40:32 PST"]
[Termination "Aygehovit1992 won by checkmate"]

1. d4 Nf6 2. Nc3 d5 3. Bg5 Nbd7 4. Qd2 c5 5. dxc5 e6 6. e4 dxe4 7. O-O-O Bxc5 8. Bb5 Be7 9. Bxf6 Bxf6 10. Nxe4 Be7 11. Nf3 a6 12. Bxd7+ Qxd7 13. Qc3 Qa4 14. Qxg7 Rf8 15.
Nf6+ Bxf6 16. Qxf6 Qxa2 17. Rd8# 1-0

[Event "*** Titled Tuesday Blitz"]
[Site "Chess.com"]
[Date "2021.02.09"]
[Round "9"]
[White "soumeow"]
[Black "Dahamdi_Sanudula"]
[Result "1-0"]
[WhiteElo "2219"]
[BlackElo "1761"]
[TimeControl "180+1"]
[EndTime "11:40:34 PST"]
[Termination "soumeow won by resignation"]

1. e4 d5 2. exd5 Qxd5 3. Nc3 Qa5 4. d4 c6 5. Bc4 Nf6 6. Nf3 Bg4 7. h3 Bxf3 8. Qxf3 e6 9. Bd2 Qc7 10. O-O-O Nbd7 11. Rhe1 O-O-O 12. g4 Nb6 13. Bb3 Bd6 14.
g5 Nfd5 15. Ne4 Rhf8 16. c4 f5 17. Nxd6+ Qxd6 1-0

[Event "*** Titled Tuesday Blitz"]
[Site "Chess.com"]
[Date "2021.02.09"]
[Round "9"]
[White "RD4ever"]
[Black "rasmussvane"]
[Result "1/2-1/2"]
[WhiteElo "2890"]
[BlackElo "2910"]
[TimeControl "180+1"]
[EndTime "11:40:37 PST"]
[Termination "Game drawn by agreement"]

1. d4 Nf6 2. c4 e6 3. Nf3 d5 4. g3 Be7 5. Bg2 O-O 6. O-O dxc4 7. Ne5 Nc6 8. Bxc6 bxc6 9. Nxc6 Qe8 10. Nxe7+ Qxe7 11. Na3 Rd8 12. Qc2 c5 13. dxc5 Qxc5 14. Qxc4 Qxc4 15.
Nxc4 Ba6 16. b3 Bxc4 17. bxc4 Rdc8 1/2-1/2

[Event "*** Titled Tuesday Blitz"]
[Site "Chess.com"]
[Date "2021.02.09"]
[Round "9"]
[White "bylavochka"]
[Black "CHENNAIBOND"]
[Result "1-0"]
[WhiteElo "2089"]
[BlackElo "1671"]
[TimeControl "180+1"]
[EndTime "11:40:44 PST"]
[Termination "bylavochka won by resignation"]

1. e4 c5 2. Nf3 Nc6 3. d4 cxd4 4. Nxd4 Nf6 5. Nc3 e5 6. Ndb5 d6 7. Bg5 a6 8. Na3 b5 9. Nd5 Be7 10. Bxf6 Bxf6 11. h4 Bxh4 12. Rxh4 Qxh4 13. Nc7+ Kd7 14. Nxa8 Bb7 15. Nb6+ Kc7 1-0

[Event "*** Titled Tuesday Blitz"]
[Site "Chess.com"]
[Date "2021.02.09"]
[Round "9"]
[White "EdmundPlayer"]
[Black "BabyBoss31"]
[Result "0-1"]
[WhiteElo "2176"]
[BlackElo "2342"]
[TimeControl "180+1"]
[EndTime "11:40:52 PST"]
[Termination "BabyBoss31 won by resignation"]

1. e4 c6 2. Nf3 d5 3. exd5 cxd5 4.
d4 Nf6 5. Bd3 Bg4 6. O-O Nc6 7.
c3 e6 8. Nbd2 Bd6 9. Re1 O-O 10.
Nf1 Qc7 11. h3 Bh5 12. N1h2 Bxh2+ 13. Nxh2 Bxd1 0-1

[Event "*** Titled Tuesday Blitz"]
[Site "Chess.com"]
[Date "2021.02.09"]
[Round "9"]
[White "ri4mi"]
[Black "zurzan"]
[Result "1-0"]
[WhiteElo "2334"]
[BlackElo "1995"]
[TimeControl "180+1"]
[EndTime "11:40:56 PST"]
[Termination "ri4mi won by resignation"]

1. d4 d6 2. Nc3 g6 3. e4 Bg7 4. Be3 Nc6 5. f3 Nf6 6. Qd2 e5 7. Nge2 O-O 8. O-O-O a6 9. h4 exd4 10. Nxd4 Nxd4 11. Bxd4 c5 12. Be3 b5 13. Qxd6 Qa5 14.
Bxc5 Be6 15. Bb6 Bh6+ 16. Kb1 Bxa2+ 17. Nxa2 Qa4 18. Nc3 Ne8 19. Qc5 1-0

[Event "*** Titled Tuesday Blitz"]
[Site "Chess.com"]
[Date "2021.02.09"]
[Round "9"]
[White "andy_rekt"]
[Black "onetowin"]
[Result "1-0"]
[WhiteElo "2240"]
[BlackElo "2016"]
[TimeControl "180+1"]
[EndTime "11:40:57 PST"]
[Termination "andy_rekt won by resignation"]

1. d4 b6 2. c4 Bb7 3. Nc3 e6 4. a3 Nf6 5. d5 exd5 6. cxd5 Bd6 7. g3 Qe7 8. Bg2 c6 9. Nh3 cxd5 10. O-O Nc6 11.
Nxd5 Nxd5 12. Bxd5 O-O 13. Bg5 Qe5 14. Bf4 Qf6 15.
Bxd6 Kh8 16. Bxf8 Rxf8 17. Bg2 Nd4 18. Bxb7 1-0

[Event "*** Titled Tuesday Blitz"]
[Site "Chess.com"]
[Date "2021.02.09"]
[Round "9"]
[White "Sergey85Rodchenkov"]
[Black "Susal_De_Silva"]
[Result "1-0"]
[WhiteElo "2499"]
[BlackElo "2604"]
[TimeControl "180+1"]
[EndTime "11:41:07 PST"]
[Termination "Sergey85Rodchenkov won by resignation"]

1. e4 e5 2. Nf3 Nc6 3. Bc4 Nf6 4.
d3 Bc5 5. O-O O-O 6. Re1 d6 7.
c3 a6 8. Bg5 h6 9. Bh4 Be6 10.
Bb3 g5 11. Bg3 Kg7 12. Nbd2 Ba7 13. Nc4 Ne7 14. Ne3 Ng6 15. Nf5+ Bxf5 16. exf5 Nf4 17. d4 e4 18. Nd2 Nd3 19. Rxe4 Nxe4 20. Nxe4 d5 21.
f6+ Kh7 22. Qxd3 dxe4 23. Qxe4+ Kg8 24. Bc2 1-0

[Event "*** Titled Tuesday Blitz"]
[Site "Chess.com"]
[Date "2021.02.09"]
[Round "9"]
[White "GMJustin"]
[Black "szachuspl"]
[Result "1-0"]
[WhiteElo "2298"]
[BlackElo "2489"]
[TimeControl "180+1"]
[EndTime "11:41:13 PST"]
[Termination "GMJustin won by resignation"]

1. d4 Nf6 2. Nc3 d5 3. Bg5 Bf5 4. f3 e6 5. e4 dxe4 6. fxe4 Bxe4 7. Nxe4 Nbd7 8. Nf3 Be7 9. Nxf6+ Nxf6 10. Bd3 h6 11. Bh4 g5 12. Bf2 Ng4 13. O-O Nxf2 14. Rxf2 c5 15.
Bb5+ Kf8 16. Ne5 Rh7 17. Qh5 Bf6 18. Nd7+ 1-0

[Event "*** Titled Tuesday Blitz"]
[Site "Chess.com"]
[Date "2021.02.09"]
[Round "9"]
[White "Adham_Fawzy"]
[Black "Misi_95"]
[Result "1-0"]
[WhiteElo "2786"]
[BlackElo "2670"]
[TimeControl "180+1"]
[EndTime "11:41:15 PST"]
[Termination "Adham_Fawzy won by resignation"]

1. e4 c5 2. c4 Nc6 3. Nc3 g6 4. g3 Bg7 5. Bg2 d6 6. Nge2 h5 7. h3 Nf6 8. d3 Rb8 9. Be3 a6 10. d4 cxd4 11. Nxd4 Nxd4 12. Bxd4 Be6 13. e5 Nd7 14.
exd6 Bxd4 15. Qxd4 O-O 16. dxe7 Qxe7 17. O-O b5 18. cxb5 axb5 19. Rfe1 Qc5 20. Qf4 Kg7 21. Rad1 Nf6 22. Qxf6+ 1-0

[Event "*** Titled Tuesday Blitz"]
[Site "Chess.com"]
[Date "2021.02.09"]
[Round "9"]
[White "superchess02"]
[Black "KaterinaMiroshnik"]
[Result "1-0"]
[WhiteElo "2796"]
[BlackElo "2618"]
[TimeControl "180+1"]
[EndTime "11:41:15 PST"]
[Termination "superchess02 won by resignation"]

1. f4 e6 2. Nf3 d5 3. g3 Nf6 4. Bg2 c5 5. O-O b6 6. d3 Bb7 7. Kh1 Nc6 8. c3 Be7 9. Nbd2 O-O 10. e4 dxe4 11. dxe4 b5 12. e5 Nd5 13. Ne4 c4 14.
a4 a6 15. axb5 axb5 16. Rxa8 Qxa8 17. Nd4 Nxd4 18. Qxd4 Rd8 19. Qf2 Qa2 20. f5 Bc8 21. f6 gxf6 22. exf6 Bf8 23. Qe2 Qb1 24. Qg4+ Kh8 25.
Bh6 Qxf1+ 26. Bxf1 Bxh6 27. Qh5 Bc1 28. Qxf7 1-0